 Dungeon Crawl Stone Soup version 0.32-a0-938-g40ac7a0f4d (webtiles) character file.

Game seed: 10912414928071643399

277 ezpacito the Trooper (level 6, -3/48 HPs)
             Began as a Coglin Chaos Knight on Apr 15, 2024.
             Was a Plaything of Xom.
             Slain by Pikel
             ... wielding a +0 whip of electrocution
              (15 damage)
             ... on level 4 of the Dungeon.
             The game lasted 00:02:38 (2328 turns).

ezpacito the Trooper (Coglin Chaos Knight)          Turns: 2328, Time: 00:02:38

Health: -3/48      AC:  7    Str: 17    XL:     6   Next: 26%
Magic:  7/7        EV: 11    Int: 12    God:    Xom [*.....]
Gold:   146        SH:  0    Dex: 13    Spells: 7/7 levels left

rFire   x . .        o - +3 flail of the Jester {heavy, +Blink rF- Will+ Str+3}
rCold   . . .        a - +0 hand axe (chaos) {Anan}
rNeg    . . .        b - +2 leather armour
rPois   .            e - +0 helmet
rElec   .            v - +0 cloak
rCorr   .            (no gloves)
SInv    .            (no boots)
Will    +....        (amulet unavailable)
Stlth   +            (ring unavailable)
HPRegen 0.28/turn    (ring unavailable)
MPRegen 0.10/turn    (no gizmo)

%: no passive effects
@: revved
A: off-hand wielding, slow wielding, warmup strikes, no jewellery
a: Invent Gizmo, Renounce Religion, Evoke Blink


You were on level 4 of the Dungeon.
You worshipped Xom.
You were a special plaything of Xom.
You visited 1 branch of the dungeon, and saw 4 of its levels.

You collected 146 gold pieces.

Inventory:

Hand Weapons
 a - a +0 hand axe of chaos (offhand) {Anan}
 o - the +3 flail of the Jester (weapon) {heavy, +Blink rF- Will+ Str+3}
   (You found it on level 2 of the Dungeon)

   Str+3:     It affects your strength (+3).
   rF-:       It makes you vulnerable to fire.
   Will+:     It increases your willpower.
   +Blink:    It lets you blink.
Missiles
 d - 5 curare-tipped darts
 f - 7 poisoned darts (quivered)
Armour
 b - a +2 leather armour (worn)
 e - a +0 helmet (worn)
 v - a +0 cloak (worn)
Wands
 l - a wand of mindburst (17)
Scrolls
 g - a scroll of identify {unknown}
 i - 2 scrolls of enchant weapon {unknown}
 m - a scroll of brand weapon {unknown}
 p - a scroll of enchant armour {unknown}
 r - a scroll of revelation {unknown}
 s - a scroll of fear {unknown}
 t - a scroll of teleportation {unknown}
 u - a scroll of torment {unknown}
Potions
 h - a potion of haste
 n - a potion of lignification
 q - a potion of curing


   Skills:
 * Level 3.9 Fighting
 * Level 3.7(4.0) Axes
 * Level 1.8(2.8) Polearms
 * Level 2.8 Armour
 * Level 2.2 Dodging
 + Level 1.1 Stealth
 + Level 1.1 Spellcasting
 + Level 1.2 Evocations


You had 7 spell levels left.
You didn't know any spells.
Your spell library was empty.

Dungeon Overview and Level Annotations

Branches:
Dungeon (4/15)
 Temple: D:4-7

Altars:
Makhleb
Vehumet
Xom

Annotations:
D:4 Pikel


Innate Abilities, Weirdness & Mutations

You can wield a second weapon in your off-hand.
It takes a long time for you to wield or remove held weapons.
Your first few attacks do less damage.
You cannot equip rings or amulets.


Message History

q - a potion of curing;
l - a wand of mindburst (17)
The jackal bites you. The lemure hits your butterfly.
Your butterfly dies!
Your butterfly disappears in a burst of colours!
Pikel hits you but does no damage.
The jackal bites you but does no damage.
You regained 6 hp, and now have 38/72 hp.
Okay, then.
It was a potion of resistance.
You feel protected.
The jackal bites you but does no damage.
Pikel hits you with a +0 whip of electrocution!
The lemure barely misses you. The lemure hits you but does no damage.
You take 9 damage, and have 29/72 hp.
It was a potion of cancellation.
Your magical effects are unravelling.
You feel magically purged.
You feel less wooden.
Your +0 cloak unmelds from your body.
Your +0 helmet unmelds from your body.
Your +2 leather armour unmelds from your body.
You feel yourself slow down.
Your resistance to elements expires.
The jackal closely misses you.
Pikel hits you with a +0 whip of electrocution.
The lemure barely misses you. x2; The lemure hits you.
The jackal closely misses you.
You now have 16/48 hp.
You bludgeon Pikel with the +3 flail of the Jester!!
Pikel is severely wounded.
You closely miss Pikel with your +0 hand axe of chaos.
You hit the lemure but do no damage. x2
You hit the lemure with your +0 hand axe of chaos.
You hit the lemure but do no damage.
You closely miss the jackal with your +0 hand axe of chaos.
The jackal bites you but does no damage.
Pikel hits you with a +0 whip of electrocution.
* * * LOW HITPOINT WARNING * * *
You are electrocuted!
You die...
Pikel says, "Another soul for the market."
Xom thinks this is hilarious!

### ## #.# .. #.## #.#
#..### #.#######....# #.
#...b.bb.#.55## #.
#.....b..##5@h# ##.
#.b.b.bb.###5K#
...##..bb.b5.# #h.#
#.......bb..5# #..#
##.##b.b.....###..###..
#......<###.5h...(......
....>..##..........###..
.#..#.#...#######..#
.#.##.#.### ##5#


You could see Pikel (fast), 4 lemures and 2 jackals.

Vanquished Creatures
  A kobold brigand (D:4)
  An orc priest (D:3)
  A hound (D:4)
  Jessica (D:3)
  Robin (D:3)
  4 adders
  2 dart slugs
  A ribbon worm (D:2)
  7 orcs
  3 endoplasms
  2 giant cockroaches
  8 hobgoblins
  4 jackals
  2 quokkas (D:1)
  3 ball pythons
  3 bats
  2 frilled lizards
  16 goblins
  2 kobolds
  4 rats
68 creatures vanquished.

Notes
Turn   | Place    | Note
-------+----------+-------------------------------------------
     0 | D:1      | ezpacito the Coglin Chaos Knight began the quest for the
                  | Orb.
     0 | D:1      | Reached XP level 1. HP: 18/18 MP: 1/1
    53 | D:1      | Reached skill level 1 in Dodging
    53 | D:1      | Reached XP level 2. HP: 8/24 MP: 2/2
   164 | D:1      | XOM: silly message
   589 | D:2      | XOM: potion effect (attraction)
   632 | D:2      | Reached XP level 3. HP: 23/29 MP: 3/3
   750 | D:2      | Identified the +3 flail of the Jester {heavy, +Blink rF-
                  | Will+ Str+3}
  1120 | D:3      | Noticed Jessica
  1126 | D:3      | Killed Jessica
  1127 | D:3      | Reached XP level 4. HP: 35/35 MP: 4/4
  1170 | D:3      | Reached skill level 1 in Polearms
  1271 | D:3      | XOM: 1-stop teleportation journey
  1300 | D:3      | XOM is BORED!
  1390 | D:3      | Found a radiant altar of Vehumet.
  1793 | D:3      | Found a burning altar of Makhleb.
  1828 | D:4      | Noticed Robin
  1832 | D:4      | XOM: silly message
  1834 | D:3      | XOM: confuse monster(s)
  1901 | D:3      | Reached XP level 5. HP: 15/41 MP: 6/6
  2008 | D:3      | Reached skill level 1 in Spellcasting
  2012 | D:3      | Killed Robin
  2095 | D:4      | Noticed a kobold brigand
  2104 | D:4      | Killed a kobold brigand
  2105 | D:4      | Reached skill level 1 in Stealth
  2105 | D:4      | Reached skill level 1 in Evocations
  2105 | D:4      | Reached XP level 6. HP: 24/48 MP: 7/7
  2220 | D:4      | XOM: scenery: create altars
  2286 | D:4      | Noticed Pikel
  2302 | D:4      | XOM: swap monsters
  2328 | D:4      | Slain by Pikel

Illustrated notes

Levels and vault maps discovered:
D:1:      dpeg_arrival_radiant, layout_rooms
D:2:      layout_rooms
D:3:      layout_basic, general_overflow_altar, lemuel_coloured_pillars_altar,
          kennysheep_decorative_pillar, hangedman_decor_clover_reticule,
          uniq_jessica
D:4:      layout_rooms, uniq_pikel, uniq_crazy_yiuf_cottage, uniq_robin,
          uniq_menkaure

Skill      XL: |  1  2  3  4  5 |
---------------+----------------+-----
Dodging        | 1 2 |  2.2
Armour         | 2 |  2.8
Polearms       | 1 |  1.8
Spellcasting   | 1 |  1.1
Stealth        | 1 |  1.1
Evocations     | 1 |  1.2
Fighting       | |  3.9
Axes           | |  3.7

Action                     |  1- 3 |  4- 6 || total
---------------------------+-------+-------++-------
  Melee: Hand axe          |    57 |    53 ||   110
         Dagger            |    48 |       ||    48
         Flail             |     7 |    57 ||    64
    Use: Potion            |       |     5 ||     5
         Scroll            |       |     1 ||     1
 Armour: Leather armour    |    44 |    74 ||   118
         Skin              |       |     9 ||     9
  Dodge: Dodged            |    30 |    74 ||   104

Table legend: (Time is in decaauts)
 A = Elapsed time spent in this place.
 B = Non-inter-level travel time spent in this place.
 C = Inter-level travel time spent in this place.
 D = Time resting spent in this place.
 E = Time spent auto-exploring this place.
 F = Levels seen in this place.
 G = Mean time per level.
                   A        B        C        D        E       F      G
               +--------+--------+--------+--------+--------+-----+--------+
         Total |   2360 |   2298 |     62 |    134 |   1701 |   4 |  590.0 |
       Dungeon |   2360 |   2298 |     62 |    134 |   1701 |   4 |  590.0 |
               +--------+--------+--------+--------+--------+-----+--------+

Top non-repeatable levels by time:
     D:3: 1072 daAuts
     D:1: 526 daAuts
     D:2: 441 daAuts
     D:4: 319 daAuts
